 Dungeon Sprint DCSS version 0.29.1-15-g9cfb28693d (webtiles) character file.

Game seed: 5599475646539668734

765 Groucho the Nimble (level 7, -2/32 HPs)
             Began as a Spriggan Earth Elementalist on Feb 22, 2023.
             Was a High Priest of Vehumet.
             Killed from afar by an orc sorcerer (34 damage)
             ... with a bolt of fire
             ... led by an orc high priest
             ... in the Dungeon (Sprint VII: "The Pits").
             The game lasted 00:06:20 (1846 turns).

Groucho the Nimble (Spriggan Earth Elementalist)    Turns: 1846, Time: 00:06:21

Health: -2/32      AC:  2    Str:  4    XL:     7   Next: 52%
Magic:  14/19      EV: 22    Int: 19    God:    Vehumet [*****.]
Gold:   0          SH:  0    Dex: 15    Spells: 8/22 levels left

rFire   . . .      SeeInvis +   h - +2 dagger
rCold   . . .      Faith    .   (no shield)
rNeg    . . .      Spirit   .   a - +0 robe
rPois   .          Reflect  .   (helmet restricted)
rElec   .          Harm     .   (no cloak)
rCorr   .          Rampage  .   (gloves unavailable)
Will    +....      NoTele   +   (boots unavailable)
Stlth   ++........              (no amulet)
HPRegen 0.10/turn               (no ring)
MPRegen 0.16/turn               (no ring)

@: very quick
A: very small, no large weapons, unfitting armour, see invisible, speed 3
a: Renounce Religion


You were in the Dungeon.
You worshipped Vehumet.
Vehumet was extremely pleased with you.
You visited 1 branch

Inventory:

Hand Weapons
 h - a +2 dagger (weapon)
 m - a +1 dagger of electrocution
Missiles
 j - 11 stones
Armour
 a - a +0 robe (worn)
Scrolls
 g - a scroll of blinking
 k - 5 scrolls of amnesia
 l - a scroll of summoning
Potions
 b - 5 potions of magic
 c - 6 potions of curing
 d - 6 potions of heal wounds
 e - a potion of haste
 f - 3 potions of berserk rage
 i - 2 potions of invisibility


   Skills:
 + Level 9.0 Dodging
 - Level 3.0 Stealth
 + Level 8.3 Spellcasting
 * Level 6.5 Conjurations
 + Level 5.5 Hexes
 - Level 1.3 Transmutations
 + Level 1.1 Ice Magic
 + Level 1.2 Air Magic
 * Level 9.0 Earth Magic


You had 8 spell levels left.
You knew the following spells:

 Your Spells              Type           Power      Damage    Failure   Level
a - Sandblast             Erth           84%        2d18      1%          1
b - Searing Ray           Conj           64%        2d6       1%          2
c - Stone Arrow           Conj/Erth      74%        3d11      1%          3
d - Dazzling Flash        Conj/Hex       60%        N/A       1%          3
e - Freezing Cloud        Conj/Ice/Air   9%         6-21      19%         5

Your spell library contained the following spells:

 Spells                   Type           Power      Damage    Failure   Level
 Lightning Bolt           Conj/Air       11%        1d24      13%         5
 Passwall                 Tmut/Erth      22%        N/A       1%          2
 Petrify                  Tmut/Erth      27%        N/A       11%         4


Dungeon Overview and Level Annotations

Branches:
Dungeon (1/1)

Altars:
Ashenzari
Cheibriados
Dithmenos
Elyvilon
Fedhas
Gozag
Hepliaklqana
Kikubaaqudgha
Makhleb
Nemelex Xobeh
Okawaru
Qazlal
Ru
Sif Muna
Trog
Uskayaw
Vehumet
Wu Jian
Xom
Yredelemnul
Zin
The Shining One
Jiyva
Lugonu


Innate Abilities, Weirdness & Mutations

You are very small and have problems with some larger weapons.
You are too small for most types of armour.
You have supernaturally acute eyesight. (SInv)
You cover ground extremely quickly. (Speed+++)


Message History

Confirm with . or Enter, or press ? or * to list all spells.
Aiming: Sandblast (safe; 1% risk of failure)
Press: ? - help, Shift-Dir - straight line, f/p - jackal
Aim: a jackal (81% to hit)
The blast of sand hits the quasit.
You kill the quasit!
Vehumet accepts your kill.
You feel your power returning.
An orc sorcerer comes into view. It is wielding a +2 dagger of venom.
The jackal completely misses you.
Unknown command.
Casting: Sandblast (safe; 1% risk of failure)
Confirm with . or Enter, or press ? or * to list all spells.
Aiming: Searing Ray (safe; 1% risk of failure)
Press: ? - help, Shift-Dir - straight line, f - orc sorcerer, p - jackal
Aim: an orc sorcerer, wielding a +2 dagger of venom and wearing a +0 robe (76% to hit)
The searing ray hits the jackal.
You kill the jackal!
Vehumet accepts your kill.
The searing ray hits the orc sorcerer!
The orc sorcerer is moderately wounded. (Press . to maintain the ray.)
The orc high priest shouts!
The orc high priest calls upon Beogh to heal the orc sorcerer.
The orc sorcerer's wounds heal themselves!
You hear a howl!
Unknown command.
The searing ray hits the orc sorcerer!
The orc sorcerer is moderately wounded.
A warg comes into view.
The orc high priest utters an invocation to Beogh.
The warg moves out of view.
Unknown command.
Unknown command.
The searing ray hits the orc sorcerer!
The orc sorcerer is heavily wounded.
The orc sorcerer casts a spell at you. The bolt of fire hits you!!
Ouch! That really hurt!
You die...

#.#.†#.)))[##.......#
#'###########.......#
#.......#.. #########
#..†....#.# ####
#...#...#÷#)..o#
#..###..#÷#.4..#
#...#...#.†....+
#.......#o#
#.......@)#
###########


You could see an orc high priest, an orange demon (summoned) and an orc
sorcerer.

Vanquished Creatures
  A floating eye (D)
  An ice beast (D)
  A black bear (D)
  A phantom (D)
  5 wights (D)
  2 quasits (D)
  An iron imp (D)
  An orc wizard (D)
  A gnoll (D)
  A river rat (D)
  2 ufetubi (D)
  A worm (D)
  An orc (D)
  2 giant cockroaches (D)
  A goblin (D)
  2 jackals (D)
  2 ball pythons (D)
  A frilled lizard (D)
  A kobold (D)
  2 rats (D)
30 creatures vanquished.

Notes
Turn   | Place    | Note
-------+----------+-------------------------------------------
     0 | D        | Groucho the Spriggan Earth Elementalist began the quest for
                  | the Orb.
     0 | D        | Reached XP level 1. HP: 9/9 MP: 5/5
    20 | D        | Reached XP level 2. HP: 13/13 MP: 2/7
    56 | D        | Found a glowing golden altar of the Shining One.
    56 | D        | Found a glowing silver altar of Zin.
    56 | D        | Found a basalt altar of Yredelemnul.
    56 | D        | Found a shimmering altar of Xom.
    56 | D        | Found an ornate altar of the Wu Jian Council.
    56 | D        | Found a bloodstained altar of Trog.
    56 | D        | Found a shimmering blue altar of Sif Muna.
    56 | D        | Found a sacrificial altar of Ru.
    56 | D        | Found a stormy altar of Qazlal.
    56 | D        | Found an iron altar of Okawaru.
    56 | D        | Found a sparkling altar of Nemelex Xobeh.
    56 | D        | Found a burning altar of Makhleb.
    56 | D        | Found a viscous altar of Jiyva.
    56 | D        | Found a hazy altar of Hepliaklqana.
    56 | D        | Found an opulent altar of Gozag.
    56 | D        | Found a blossoming altar of Fedhas.
    56 | D        | Found a white marble altar of Elyvilon.
    56 | D        | Found a shadowy altar of Dithmenos.
    56 | D        | Found a snail-covered altar of Cheibriados.
    57 | D        | Found a radiant altar of Vehumet.
    57 | D        | Found a corrupted altar of Lugonu.
    58 | D        | Found a hide-covered altar of Uskayaw.
    58 | D        | Found an ancient bone altar of Kikubaaqudgha.
    58 | D        | Found a broken altar of Ashenzari.
    65 | D        | Became a worshipper of Vehumet
   220 | D        | Reached * piety under Vehumet
   220 | D        | Offered knowledge of Shock by Vehumet.
   478 | D        | Reached ** piety under Vehumet
   478 | D        | Offered knowledge of Searing Ray by Vehumet.
   507 | D        | Noticed a floating eye
   508 | D        | Paralysed by a floating eye for 4 turns
   513 | D        | Killed a floating eye
   514 | D        | Reached skill level 5 in Spellcasting
   514 | D        | Reached XP level 3. HP: 16/16 MP: 7/11
   514 | D        | Reached XP level 4. HP: 21/21 MP: 7/12
   517 | D        | Learned a level 2 spell: Searing Ray
   579 | D        | Offered knowledge of Dazzling Flash by Vehumet.
   580 | D        | Reached XP level 5. HP: 24/24 MP: 10/14
   781 | D        | Learned a level 3 spell: Stone Arrow
   785 | D        | Learned a level 3 spell: Dazzling Flash
   820 | D        | Reached *** piety under Vehumet
  1025 | D        | Noticed an ice beast
  1043 | D        | Offered knowledge of Ignite Poison by Vehumet.
  1044 | D        | Reached XP level 6. HP: 15/28 MP: 8/16
  1046 | D        | Reached skill level 5 in Conjurations
  1375 | D        | Reached **** piety under Vehumet
  1397 | D        | Killed an ice beast
  1397 | D        | Offered knowledge of Freezing Cloud by Vehumet.
  1448 | D        | Reached XP level 7. HP: 32/32 MP: 15/19
  1458 | D        | Learned a level 5 spell: Freezing Cloud
  1472 | D        | Reached ***** piety under Vehumet
  1472 | D        | Offered knowledge of Lee's Rapid Deconstruction by Vehumet.
  1473 | D        | Reached skill level 5 in Hexes
  1836 | D        | Noticed an orc high priest
  1839 | D        | Offered knowledge of Lightning Bolt by Vehumet.
  1842 | D        | Reached skill level 1 in Ice Magic
  1842 | D        | Reached skill level 1 in Air Magic
  1843 | D        | Noticed an orc sorcerer
  1846 | D        | Noticed an orange demon
  1846 | D        | Killed from afar by an orc sorcerer

Illustrated notes

Levels and vault maps discovered:
D:        pitsprint [storerooms_1, entrance_room_1, metal_vault_7, armoury_2,
          mini_pit_1, grid_room_1, main_hall_1, silver_pit, the_coven_1,
          the_vestibule_1, steel_vault_4, golden_pit, hallway_of_sentries,
          crystal_vault_6, iron_vault_5, final_vault]

Skill      XL: |  1  2  3  4  5  6  7 |
---------------+----------------------+-----
Dodging        | 3 6 7 8 9 |  9.0
Spellcasting   | 3 5 6 7 8 |  8.3
Earth Magic    | 3 6 7 8 9 |  9.0
Conjurations   | 3 4 5 6 |  6.5
Hexes          | 2 4 5 |  5.5
Ice Magic      | 1 |  1.1
Air Magic      | 1 |  1.2
Stealth        | |  3.0
Transmutations | |  1.3

Action                   |  1- 3 |  4- 6 |  7- 9 || total
-------------------------+-------+-------+-------++-------
Melee: Dagger            |       |       |     1 ||     1
 Cast: Sandblast         |    15 |    17 |    12 ||    44
       Searing Ray       |       |     5 |     2 ||     7
 Stab: Sleeping          |       |       |     1 ||     1
Armor: Robe              |     1 |       |       ||     1
Dodge: Dodged            |    13 |    17 |    16 ||    46
